 Dungeon Crawl Stone Soup version 0.27.1 (webtiles) character file.

Game seed: 1539669066514889155

415 ZARRMARR the Conjurer (level 6, -3/36 HPs)
             Began as an Octopode Conjurer on Sept 5, 2021.
             Slain by AttackTheMoon's ghost (21 damage)
             ... on level 4 of the Dungeon.
             The game lasted 00:15:08 (5492 turns).

ZARRMARR the Conjurer (Octopode Conjurer)           Turns: 5492, Time: 00:15:08

Health: -3/36      AC:  1    Str:  6    XL:     6   Next: 91%
Magic:  13/13      EV: 13    Int: 28    God:
Gold:   247        SH:  0    Dex: 11    Spells: 11/14 levels left

rFire    . . .     SeeInvis +   (no weapon)
rCold    . . .     Faith    .   (no shield)
rNeg     . . .     Spirit   .   (helmet restricted)
rPois    .         Reflect  .   (no amulet)
rElec    .         Harm     .   f - +6 ring of intelligence
rCorr    +         Rampage  .   m - ring of see invisible
Will     .....                  n - ring of resist corrosion
Stlth    +++.......             (no ring)
HPRegen  0.12/turn              (no ring)
MPRegen  0.13/turn              (no ring)
                                (no ring)
                                (no ring)

@: hasted, very quick
A: almost no armour, amphibious, 8 rings, camouflage 1, gelatinous body 1,
(nimble swimmer 1), tentacles
a: no special abilities


You were on level 4 of the Dungeon.
You visited 1 branch of the dungeon, and saw 4 of its levels.

You collected 247 gold pieces.

Inventory:

Missiles
 d - a throwing net
Jewellery
 f - a +6 ring of intelligence (left tentacle)
 m - a ring of see invisible (right tentacle)
 n - a ring of resist corrosion (on tentacle)
Wands
 k - a wand of mindburst (3)
 o - a wand of acid (10)
Scrolls
 a - 2 scrolls of vulnerability
 g - a scroll of amnesia
 i - a scroll of noise
 p - a scroll of identify
Potions
 b - a potion of berserk rage {unknown}
 c - a potion of haste
 e - 2 potions of magic
 h - 3 potions of attraction
 j - a potion of brilliance {unknown}
 l - a potion of heal wounds {unknown}


   Skills:
 - Level 2.0 Dodging
 - Level 2.6 Stealth
 + Level 4.8 Spellcasting
 + Level 6.3 Conjurations


You had 11 spell levels left.
You knew the following spells:

 Your Spells              Type           Power      Damage    Failure   Level
a - Magic Dart            Conj           100%       1d8       1%          1
b - Searing Ray           Conj           84%        3d6       1%          2

Your spell library contained the following spells:

 Spells                   Type           Power      Damage    Failure   Level
 Foxfire                  Conj/Fire      96%        2x1d8     1%          1
 Conjure Flame            Conj/Fire      24%        6-21      5%          3
 Dazzling Flash           Conj/Hex       48%        N/A       5%          3
 Apportation              Tloc           12%        N/A       7%          1
 Corona                   Hex            6%         N/A       7%          1
 Ensorcelled Hibernation  Hex/Ice        12%        N/A       11%         2
 Slow                     Hex            6%         N/A       11%         2
 Fulminant Prism          Conj/Hex       12%        3d9       19%         4
 Iskenderun's Mystic Bla  Conj/Tloc      24%        2d7       19%         4
 Confusing Touch          Hex            6%         N/A       21%         3
 Inner Flame              Hex/Fire       6%         N/A       21%         3
 Tukima's Dance           Hex            6%         N/A       21%         3
 Vampiric Draining        Necr           3%         2d6       21%         3


Dungeon Overview and Level Annotations

Branches:
Dungeon (4/15)
 Temple: D:4-7

Altars:
Yredelemnul

Annotations:
D:4 AttackTheMoon's ghost, amateur MiBe


Innate Abilities, Weirdness & Mutations

You cannot wear most types of armour.
You are amphibious.
You can wear up to eight rings at the same time.
Your skin changes colour to match your surroundings (Stealth+).
Your rubbery body absorbs attacks. (AC +1, EV +1)
((You are camouflaged near water. (Stealth+)))
You have tentacles for arms and can constrict up to eight enemies at once.


Message History

Press: ? - help, Shift-Dir - straight line, f - orc
Aim: an orc, wielding a +0 flail (wandering, hasn't noticed you, 82% to hit)
The searing ray hits the orc!
You kill the orc! (Press . to maintain the ray.)
p - a scroll of identify
Things that are here:
a +0 flail; an orc corpse
There is a stone staircase leading up here.
Things that are here:
a +0 trident; a +0 chain mail
There is an open door here.
Things that are here:
a +0 dagger; a +0 robe Could not explore, unopened runed door.
Press: ? - help, v - describe, . - travel, g - get item
Here: AttackTheMoon's ghost (wandering, hasn't noticed you, fire blocked by a runed translucent door) Item here: 8 gold pieces.
The floor.
You open the gate.
Aiming: Mindburst
Press: ? - help, Shift-Dir - straight line, f - AttackTheMoon's ghost
Aim: AttackTheMoon's ghost (wandering, hasn't noticed you, chance to affect: 48%) AttackTheMoon's ghost turns its malevolent gaze towards you.
AttackTheMoon's ghost's mind is blasted!
Aiming: Mindburst
Press: ? - help, Shift-Dir - straight line, f/p - AttackTheMoon's ghost
Aim: AttackTheMoon's ghost (moderately damaged, chance to affect: 48%) AttackTheMoon's ghost resists with some effort.
AttackTheMoon's ghost laughs, "And you think you're capable of finding the ORB?
I had it, you know.
Then I gave it away so I could steal it AGAIN."
Aiming: Mindburst
Press: ? - help, Shift-Dir - straight line, f/p - AttackTheMoon's ghost
Aim: AttackTheMoon's ghost (moderately damaged, chance to affect: 48%) AttackTheMoon's ghost resists with some effort.
AttackTheMoon's ghost hits you!!
Ouch! That really hurt!
Unknown command.
You feel yourself speed up. AttackTheMoon's ghost hits you!!
Ouch! That really hurt!
You die...

##### ##...## #.._..# ###...###
#.@(....# #.#W''#.#
####.#...#.####
#########.)..#)$$#..+.#
#.........###########.#
#.######)#### ###.# #.# #.##.#
##...#
####.######.##.######.#.####
............##.##....###...######


You could see AttackTheMoon's ghost.

Vanquished Creatures
  A black bear (D:4)
  A bullfrog zombie (D:4)
  2 orc priests (D:3)
  Ijyb (D:4)
  An orc wizard (D:4)
  A hound zombie (D:4)
  2 hound skeletons (D:4)
  4 adders
  A howler monkey skeleton (D:4)
  5 worms
  4 dart slugs
  12 orcs
  2 endoplasms (D:2)
  2 giant cockroaches (D:4)
  4 hobgoblins
  3 jackals (D:1)
  7 kobolds
  2 quokkas
  4 ball pythons
  4 bats
  5 frilled lizards
  6 goblins
  2 rats
76 creatures vanquished.

Notes
Turn   | Place    | Note
-------+----------+-------------------------------------------
     0 | D:1      | ZARRMARR the Octopode Conjurer began the quest for the Orb.
     0 | D:1      | Reached XP level 1. HP: 11/11 MP: 3/3
   122 | D:1      | Reached XP level 2. HP: 10/17 MP: 1/5
   521 | D:1      | Learned a level 2 spell: Searing Ray
  1132 | D:2      | Reached XP level 3. HP: 21/21 MP: 1/6
  1180 | D:2      | You fall into a shaft and drop 2 floors!
  2093 | D:2      | Reached XP level 4. HP: 27/27 MP: 5/8
  2732 | D:2      | Reached skill level 5 in Conjurations
  3184 | D:3      | Found a faded altar of an unknown god.
  3187 | D:3      | Got Plato's Compendium of the Voyage
  3505 | D:3      | Reached XP level 5. HP: 15/31 MP: 0/10
  4388 | D:4      | Noticed a black bear
  4390 | D:4      | Killed a black bear
  4391 | D:4      | Reached XP level 6. HP: 36/36 MP: 10/12
  4646 | D:4      | Found a runed translucent gate.
  4646 | D:4      | Found a runed translucent gate.
  4646 | D:4      | Found a runed translucent gate.
  4646 | D:4      | Noticed AttackTheMoon's ghost (amateur MiBe)
  4663 | D:4      | Reached skill level 6 in Conjurations
  4711 | D:4      | Found a basalt altar of Yredelemnul.
  4959 | D:4      | Identified the +2 ring mail "Odutash" {Drain rPois rF+
                  | Str+3}
  5187 | D:4      | Noticed Ijyb
  5191 | D:4      | Killed Ijyb
  5492 | D:4      | Slain by AttackTheMoon's ghost

Illustrated notes

Levels and vault maps discovered:
D:1:      wander_arrival_desolate, layout_loops_ring
D:2:      layout_loops_corners, kennysheep_generic_room_7
D:3:      layout_basic, shapermc_ecumenical_altar_rom_forum, dk_noncrumbling_2
D:4:      layout_loops_ring, nicolae_yredelemnul_ghost_church, uniq_ijyb

Skill      XL: |  1  2  3  4  5  6 |
---------------+-------------------+-----
Spellcasting   | 3 4 |  4.8
Conjurations   | 5 6 |  6.3
Dodging        | |  2.0
Stealth        | |  2.6

Action                   |  1- 3 |  4- 6 || total
-------------------------+-------+-------++-------
Melee: Unarmed           |    19 |     1 ||    20
       Constrict         |     5 |     1 ||     6
       Tentacles         |     3 |     1 ||     4
 Cast: Magic Dart        |    35 |    28 ||    63
       Searing Ray       |    11 |    36 ||    47
Evoke: Wand              |       |     9 ||     9
  Use: Scroll            |     4 |     4 ||     8
       Potion            |       |     1 ||     1
Armor: Skin              |     1 |     2 ||     3
Dodge: Dodged            |    19 |     9 ||    28
